 Dungeon Crawl Stone Soup version 0.30.0-29-ga12c61a403 (webtiles) character file.

Game seed: 12150790223694339508

87 Sabo the Chopper (level 4, 0/34 HPs)
             Began as a Demonspawn Gladiator on June 3, 2023.
             Slain by a gnoll
             ... wielding a +0 club
              (4 damage)
             ... on level 3 of the Dungeon.
             The game lasted 00:09:41 (2475 turns).

Sabo the Chopper (Demonspawn Gladiator)             Turns: 2475, Time: 00:09:42

Health: 0/34       AC: 15    Str: 16    XL:     4   Next: 28%
Magic:  4/4        EV:  8    Int:  9    God:
Gold:   92         SH:  0    Dex: 15    Spells: 3/3 levels left

rFire   . . .        a - +0 war axe
rCold   . . .        (no shield)
rNeg    . . .        c - +0 chain mail
rPois   .            (helmet restricted)
rElec   .            (no cloak)
rCorr   .            u - +0 pair of gloves
SInv    .            (no boots)
Will    .....        (no amulet) Stlth
                     (no ring)
HPRegen 0.25/turn    (no ring)
MPRegen 0.09/turn

%: no passive effects
@: sanguine armoured
A: antennae 1, powered by pain 1, sanguine armour 1
a: no special abilities


You were on level 3 of the Dungeon.
You visited 1 branch of the dungeon, and saw 3 of its levels.

You collected 92 gold pieces.

Inventory:

Hand Weapons
 a - a +0 war axe (weapon)
Missiles
 d - 3 throwing nets (quivered)
 e - a javelin
Armour
 c - a +0 chain mail (worn)
 u - a +0 pair of gloves (worn)
Wands
 r - a wand of flame (10)
Scrolls
 b - 2 scrolls of teleportation
 f - a scroll of enchant weapon
 g - 2 scrolls of noise {unknown}
 h - 2 scrolls of blinking
 n - a scroll of summoning {unknown}
 q - 2 scrolls of poison {unknown}
 s - a scroll of immolation {unknown}
 t - a scroll of enchant armour {unknown}
Potions
 i - 2 potions of attraction {unknown}
 j - 2 potions of brilliance {unknown}
 k - a potion of mutation {unknown}
 l - a potion of curing {unknown}
 m - 3 potions of ambrosia {unknown}
 o - a potion of cancellation {unknown}
 p - a potion of flight {unknown}


   Skills:
 + Level 2.7 Fighting
 + Level 3.4 Axes
 + Level 1.9 Throwing
 + Level 1.3 Armour
 + Level 3.2 Dodging


You had 3 spell levels left.
You didn't know any spells.
Your spell library contained the following spells:

 Spells                   Type           Power      Damage    Failure   Level
 Summon Guardian Golem    Hex/Summ       0%         N/A       100%        3
 Orb of Destruction       Conj           0%         9d5       100%        7
 Spellforged Servitor     Conj/Summ      0%         N/A       100%        7


Dungeon Overview and Level Annotations

Branches:
Dungeon (3/15)

Altars:
Vehumet


Innate Abilities, Weirdness & Mutations

You have a pair of small antennae on your head.
You sometimes gain a little power by taking damage.
When seriously injured, your blood forms armour. (AC +6)


Message History

The gnoll is heavily wounded.
The gnoll hits you but does no damage. The gnoll closely misses you.
You hit the gnoll.
The gnoll is severely wounded.
The gnoll hits you with a +0 spear.
The gnoll hits you from afar with a +0 halberd.
The gnoll barely misses you. The gnoll hits you but does no damage.
You slash the gnoll!
You kill the gnoll!
The gnoll barely misses you.
You closely miss the gnoll. The gnoll barely misses you.
The gnoll closely misses you.
You barely miss the gnoll. The gnoll hits you but does no damage.
The gnoll hits you from afar with a +0 halberd.
The gnoll barely misses you. x2
You hit the gnoll but do no damage. The gnoll hits you with a +0 club.
The gnoll hits you from afar with a +0 halberd.
* * * LOW HITPOINT WARNING * * *
You barely miss the gnoll. The gnoll barely misses you. x2
You closely miss the gnoll. The gnoll hits you but does no damage.
The gnoll completely misses you. The gnoll hits you but does no damage.
The gnoll barely misses you.
You hit the gnoll.
The gnoll is lightly wounded.
The gnoll hits you but does no damage. The gnoll closely misses you.
You hit the gnoll.
The gnoll is heavily wounded.
The gnoll hits you with a +0 club.
* * * LOW HITPOINT WARNING * * *
The gnoll barely misses you.
You closely miss the gnoll.
The gnoll is heavily wounded.
The gnoll hits you but does no damage. The gnoll closely misses you.
The gnoll hits you with a +0 club.
* * * LOW HITPOINT WARNING * * *
The gnoll hits you but does no damage.
You closely miss the gnoll.
The gnoll is heavily wounded.
The gnoll hits you but does no damage. The gnoll hits you with a +0 club.
You die...

.. #.#<....#### ...
#.##.......##
#..###.#.........#
#.....#.........#
#.....#.........#
#####.#.#######.####
#.....# #.....
############...##########
#$...wgg@..#..>........#
......g###.#.#########.#
....... #.#.........#.#
....... #.........#...#
....... #..######.#.#.##
....... #...........#...
....... #..#.####.#.#.##
#+##### #..#........#.#
#..###..#.#.#.#


You could see 3 gnolls and a dart slug.

Vanquished Creatures
  Natasha (D:3)
  A gnoll (D:3)
  2 adders (D:2)
  4 bats
  3 endoplasms
  4 goblins
  5 hobgoblins
  3 kobolds
  3 quokkas (D:1)
  4 ball pythons
  A frilled lizard (D:1)
  3 rats
34 creatures vanquished.

Notes
Turn   | Place    | Note
-------+----------+-------------------------------------------
     0 | D:1      | Sabo the Demonspawn Gladiator began the quest for the Orb.
     0 | D:1      | Reached XP level 1. HP: 16/16 MP: 1/1
   305 | D:1      | Gained mutation: You have a pair of small antennae on your
                  | head. [demonic ancestry]
   305 | D:1      | Reached XP level 2. HP: 22/22 MP: 2/2
  1384 | D:2      | Gained mutation: You sometimes gain a little power by
                  | taking damage. [demonic ancestry]
  1384 | D:2      | Reached XP level 3. HP: 16/28 MP: 3/3
  1522 | D:2      | Found a radiant altar of Vehumet.
  2300 | D:3      | Noticed Natasha
  2314 | D:3      | Killed Natasha
  2315 | D:3      | Reached skill level 1 in Armour
  2315 | D:3      | Gained mutation: When seriously injured, your blood forms
                  | armour. (AC +6) [demonic ancestry]
  2315 | D:3      | Reached XP level 4. HP: 13/34 MP: 4/4
  2475 | D:3      | Slain by a gnoll

Illustrated notes

Levels and vault maps discovered:
D:1:      saegor_arrival_simple_b, layout_loops_ring, chequers_avenue
D:2:      layout_loops_ring, basic_altar, kennysheep_generic_room_8
D:3:      layout_basic, uniq_natasha

Skill      XL: |  1  2  3 |
---------------+----------+-----
Dodging        | 3 |  3.2
Axes           | 3 |  3.4
Armour         | 1 |  1.3
Fighting       | |  2.7
Throwing       | |  1.9

Action                     |  1- 3 |  4- 6 || total
---------------------------+-------+-------++-------
  Melee: War axe           |   126 |    21 ||   147
    Use: Scroll            |     5 |       ||     5
         Potion            |     2 |       ||     2
 Armour: Leather armour    |     3 |       ||     3
         Chain mail        |    96 |    21 ||   117
  Dodge: Dodged            |    67 |    20 ||    87
